 Dungeon Crawl Stone Soup version 0.28.0-45-g0d030f2227 (webtiles) character file.

Game seed: 109160966019532159

1363 Icepheonix32 the Covered (level 8, -7/61 HPs)
             Began as a Demonspawn Fighter on Apr 7, 2022.
             Mangled by an ogre
             ... wielding a +0 giant club
              (11 damage)
             ... on level 6 of the Dungeon.
             The game lasted 00:09:31 (6814 turns).

Icepheonix32 the Covered (Demonspawn Fighter)       Turns: 6814, Time: 00:09:32

Health: -7/61      AC: 12    Str: 20    XL:     8   Next: 38%
Magic:  8/8        EV:  9    Int: 21    God:
Gold:   293        SH:  5    Dex: 12    Spells: 7/7 levels left

rFire   . . .      SeeInvis .   a - +1 long sword (vorpal)
rCold   . . .      Faith    .   c - +0 buckler
rNeg    . . .      Spirit   .   m - +0 chain mail
rPois   .          Reflect  .   q - +1 hat
rElec   .          Harm     .   g - +0 cloak
rCorr   .          Rampage  .   (no gloves)
Will    .....                   (no boots)
Stlth   ..........              (no amulet)
HPRegen 0.20/turn               p - +6 ring of intelligence
MPRegen 0.11/turn               r - +6 ring of intelligence

@: no status effects
A: antennae 2, sturdy frame 1
a: no special abilities


You were on level 6 of the Dungeon.
You visited 1 branch of the dungeon, and saw 6 of its levels.
You also visited: Sewer.

You collected 293 gold pieces.

Inventory:

Hand Weapons
 a - a +1 vorpal long sword (weapon)
 j - a +2 dagger of speed
 w - a +2 scythe of venom
Missiles
 d - 3 atropa-tipped darts
 o - 20 poisoned darts (quivered)
Armour
 b - a +0 scale mail
 c - a +0 buckler (worn)
 g - a +0 cloak (worn)
 m - a +0 chain mail (worn)
 q - a +1 hat (worn)
Jewellery
 i - a ring of protection from fire
 p - a +6 ring of intelligence (left hand)
 r - a +6 ring of intelligence (right hand)
 u - an amulet of faith
Wands
 n - a wand of iceblast (15)
Scrolls
 f - 2 scrolls of identify
 k - 2 scrolls of teleportation
 s - 2 scrolls of blinking
 t - a scroll of fear {unknown}
 y - a scroll of enchant armour {unknown}
 A - a scroll of immolation {unknown}
Potions
 e - 2 potions of brilliance
 h - 2 potions of curing
 l - 2 potions of heal wounds
 v - a potion of mutation {unknown}
 x - a potion of degeneration {unknown}
 z - a potion of haste {unknown}
 B - a potion of lignification {unknown}


   Skills:
 + Level 4.8 Fighting
 + Level 0.3(2.4) Short Blades
 - Level 4.0 Long Blades
 * Level 6.7 Armour
 + Level 2.8 Dodging
 + Level 1.1 Stealth
 + Level 4.3 Shields


You had 7 spell levels left.
You didn't know any spells.
Your spell library contained the following spells:

 Spells                   Type           Power      Damage    Failure   Level
 Ozocubu's Armour         Ice            0%         N/A       98%         3
 Ozocubu's Refrigeration  Ice            0%         4d5       100%        7


Dungeon Overview and Level Annotations

Branches:
Dungeon (6/15)              Sewer (visited)
 Temple: D:4-7

Altars:
Uskayaw

Annotations:
D:4 1 runed translucent door


Innate Abilities, Weirdness & Mutations

You have a pair of antennae on your head.
Your movements are slightly less encumbered by armour. (ER -2)


Message History

You slash the scorpion!
You kill the scorpion!
You feel very sick.
No target in view!
No target in view!
You feel sick.
You see here a scorpion corpse.
You feel sick.
You feel a little less mighty now.
You feel sick.
You feel sick.
You feel sick.
You feel sick.
You are no longer poisoned.
An ogre comes into view. It is wielding a +0 giant club.
Found a dagger.
The ogre shouts!
You see here 19 gold pieces.
You throw a poisoned dart. The poisoned dart hits the ogre.
The ogre is poisoned.
You slash the ogre!
The ogre is heavily wounded.
The ogre barely misses you.
You barely miss the ogre.
The ogre is heavily wounded.
The ogre hits you with a +0 giant club!
You barely miss the ogre.
The ogre is heavily wounded.
The ogre hits you with a +0 giant club.
You see here 19 gold pieces.
The ogre looks more healthy.
You are too injured to fight recklessly!
You hit the ogre.
The ogre is almost dead.
The ogre hits you with a +0 giant club!!
* * * LOW HITPOINT WARNING * * *
You barely miss the ogre.
The ogre is almost dead.
The ogre hits you with a +0 giant club!
You die...

#.............##
#.............).
#...............
######....>..........
#....................
#....................
#....................
#.....@O....$..(.....
#....................
#.........#######...#
#....(..†.# ..# #
#.........# #
#...)#...####
#.##.#.†....#
#....#......#
#...†.....#


You could see an ogre.

Vanquished Creatures
  2 ice beasts
  2 ogres
  2 centaurs (D:5)
  4 scorpions
  A water moccasin skeleton (D:4)
  A howler monkey (D:5)
  A hound (D:6)
  A jelly (D:5)
  A centaur skeleton (D:5)
  3 iguanas
  2 orc wizards
  A howler monkey skeleton (D:4)
  2 river rats (Sewer)
  17 adders
  3 gnolls (D:4)
  4 worms
  4 dart slugs
  8 orcs
  9 bats
  3 endoplasms
  2 giant cockroaches (D:2)
  3 goblins
  3 hobgoblins
  17 jackals
  7 kobolds
  2 quokkas
  8 ball pythons
  8 frilled lizards
  8 rats
129 creatures vanquished.

Notes
Turn   | Place    | Note
-------+----------+-------------------------------------------
     0 | D:1      | Icepheonix32 the Demonspawn Fighter began the quest for the
                  | Orb.
     0 | D:1      | Reached XP level 1. HP: 18/18 MP: 1/1
   518 | D:1      | Gained mutation: Your movements are slightly less
                  | encumbered by armour. (ER -2) [demonic ancestry]
   518 | D:1      | Reached XP level 2. HP: 24/24 MP: 2/2
   530 | D:1      | Reached skill level 3 in Armour
  1026 | D:1      | Found a faded altar of an unknown god.
  1195 | D:2      | Reached XP level 3. HP: 19/29 MP: 3/3
  1751 | D:2      | Reached XP level 4. HP: 26/35 MP: 4/4
  1909 | D:2      | Found a hide-covered altar of Uskayaw.
  1945 | D:2      | Reached skill level 4 in Armour
  2435 | D:3      | Reached skill level 1 in Dodging
  2435 | D:3      | Reached XP level 5. HP: 40/41 MP: 5/5
  3381 | D:4      | Found a glowing drain.
  3403 | Sewer    | Entered a sewer
  3448 | Sewer    | Gained mutation: You have a pair of small antennae on your
                  | head. [demonic ancestry]
  3448 | Sewer    | Reached XP level 6. HP: 47/48 MP: 6/6
  4380 | D:4      | Reached skill level 5 in Armour
  4755 | D:4      | Reached XP level 7. HP: 22/54 MP: 7/7
  5535 | D:5      | Entered Level 5 of the Dungeon
  5572 | D:5      | HP: 2/54 [howler monkey (4)]
  5905 | D:4      | Found a runed translucent door.
  6282 | D:5      | Reached skill level 1 in Stealth
  6620 | D:5      | Reached skill level 6 in Armour
  6620 | D:5      | Gained mutation: You have a pair of antennae on your head.
                  | [demonic ancestry]
  6620 | D:5      | Reached XP level 8. HP: 61/61 MP: 8/8
  6814 | D:6      | Mangled by an ogre

Illustrated notes

Levels and vault maps discovered:
D:1:      amcnicky_arrival_double_pillar, layout_basic,
          chequers_ecumenical_altar_grove
D:2:      layout_rooms, basic_altar
D:3:      layout_basic
D:4:      minmay_spotlight, layout_basic, serial_bayou, serial_bayou_pond_a,
          serial_bayou_pond_d, serial_bayou_ford_a, serial_bayou_pond_e,
          portal_sewer_entry_b, uniq_crazy_yiuf_cottage
D:5:      layout_basic, st_stairs_10
D:6:      layout_basic, minmay_temple_entry_waves, uniq_grinder

Skill      XL: |  1  2  3  4  5  6  7 |
---------------+----------------------+-----
Long Blades    | 2 3 4 |  4.0
Armour         | 3 4 5 6 |  6.7
Shields        | 3 4 |  4.3
Dodging        | 1 2 |  2.8
Fighting       | 4 |  4.8
Stealth        | 1 |  1.1
Short Blades   | |  0.3

Action                   |  1- 3 |  4- 6 |  7- 9 || total
-------------------------+-------+-------+-------++-------
Melee: Long sword        |    81 |   287 |   119 ||   487
       Dagger            |    17 |    12 |       ||    29
Throw: Dart              |       |       |     1 ||     1
  Use: Scroll            |       |     9 |       ||     9
       Potion            |       |     7 |     2 ||     9
Armor: Scale mail        |    53 |   193 |       ||   246
       Chain mail        |       |    11 |    90 ||   101
Dodge: Dodged            |    33 |   216 |    84 ||   333
Block: Buckler           |    32 |   109 |    38 ||   179
